 Dungeon Crawl Stone Soup version 0.29.1-15-g9cfb28693d (webtiles) character file.

Game seed: 4337927613073288307

30 cdecastro the Chopper (level 3, -4/31 HPs)
             Began as a Hill Orc Fighter on Mar 3, 2023.
             Slain by Terence
             ... wielding a +0 flail
              (9 damage)
             ... on level 2 of the Dungeon.
             The game lasted 00:01:35 (816 turns).

cdecastro the Chopper (Hill Orc Fighter)             Turns: 816, Time: 00:01:35

Health: -4/31      AC:  6    Str: 20    XL:     3   Next: 18%
Magic:  3/3        EV:  9    Int:  8    God:
Gold:   55         SH:  0    Dex: 10    Spells: 2/2 levels left

rFire   . . .      SeeInvis .   a - +0 war axe
rCold   . . .      Faith    .   (no shield)
rNeg    . . .      Spirit   .   b - +0 scale mail
rPois   .          Reflect  .   (no helmet)
rElec   .          Harm     .   (no cloak)
rCorr   .          Rampage  .   (no gloves)
Will    .....                   (no boots)
Stlth   ..........              (no amulet)
HPRegen 0.10/turn               (no ring)
MPRegen 0.08/turn               (no ring)

@: no status effects
A: no striking features
a: no special abilities


You were on level 2 of the Dungeon.
You visited 1 branch of the dungeon, and saw 2 of its levels.

You collected 55 gold pieces.

Inventory:

Hand Weapons
 a - a +0 war axe (weapon)
Armour
 b - a +0 scale mail (worn)
 c - a +0 buckler
Scrolls
 e - 2 scrolls of identify {unknown}
 f - a scroll of enchant armour {unknown}
 h - a scroll of enchant weapon {unknown}
Potions
 d - a potion of might
 g - a potion of mutation {unknown}


   Skills:
 - Level 3.6 Fighting
 + Level 4.7 Axes
 - Level 3.2 Armour
 - Level 3.2 Shields


You had 2 spell levels left.
You didn't know any spells.
Your spell library was empty.

Dungeon Overview and Level Annotations

Branches:
Dungeon (2/15)

Altars:

Annotations:
D:2 Terence


Message History

There is a stone staircase leading down here.
You climb downwards.
There is a stone staircase leading up here.
Terence the Incautious comes into view.
He is wielding a +0 flail.
Terence moves out of view.
Terence is nearby!
Terence is nearby!
Terence is nearby!
Terence hits you with a +0 flail.
You hit Terence.
Terence is lightly wounded.
Terence hits you with a +0 flail.
You hit Terence but do no damage.
Terence is lightly wounded.
Terence hits you with a +0 flail.
You hit Terence.
Terence is moderately wounded.
Terence hits you with a +0 flail!
You barely miss Terence.
Terence is moderately wounded.
Terence hits you with a +0 flail.
* * * LOW HITPOINT WARNING * * *
You hit Terence but do no damage.
Terence is moderately wounded.
Terence barely misses you. x2
You completely miss Terence.
Terence is moderately wounded.
Terence barely misses you.
You hit Terence but do no damage.
Terence is moderately wounded.
Terence hits you with a +0 flail.
* * * LOW HITPOINT WARNING * * *
You hit Terence.
Terence is moderately wounded.
Terence hits you with a +0 flail.
* * * LOW HITPOINT WARNING * * *
You completely miss Terence.
Terence is moderately wounded.
Terence hits you with a +0 flail!
You die...

... #.########
. #.#.....<# ..
#.#.###### ...
#.#.# ....##
#.#.#
......#####.#.#
..............#
.......@###.###
##.....@..#.#
#........#.#
#........#.#
#........#.#
#......###.#
#.####.. ..# #.
.## ###


You could see Terence.

Vanquished Creatures
  2 endoplasms (D:1)
  4 goblins (D:1)
  2 hobgoblins (D:1)
  5 jackals (D:1)
  A quokka (D:1)
  3 ball pythons (D:1)
  A bat (D:1)
  A frilled lizard (D:1)
  3 kobolds (D:1)
  3 rats (D:1)
25 creatures vanquished.

Notes
Turn   | Place    | Note
-------+----------+-------------------------------------------
     0 | D:1      | cdecastro the Hill Orc Fighter began the quest for the Orb.
     0 | D:1      | Reached XP level 1. HP: 19/19 MP: 1/1
    35 | D:1      | Reached skill level 3 in Axes
    42 | D:1      | Reached XP level 2. HP: 20/26 MP: 2/2
   173 | D:1      | Reached skill level 4 in Axes
   386 | D:1      | Found a faded altar of an unknown god.
   488 | D:1      | Reached XP level 3. HP: 30/31 MP: 3/3
   805 | D:2      | Noticed Terence
   816 | D:2      | Slain by Terence

Illustrated notes

Levels and vault maps discovered:
D:1:      spicycebolla_arrival_transporter_tutorial, layout_rooms,
          shapermc_ecumenical_altar_pompeii, kennysheep_nondescript,
          chequers_serial_rivers_micro_d, chequers_mini_garden
D:2:      layout_basic, serial_shops, shop, uniq_robin, uniq_terence

Skill      XL: |  1  2 |
---------------+-------+-----
Axes           | 3 4 |  4.7
Fighting       | |  3.6
Armour         | |  3.2
Shields        | |  3.2

Action                   || total
-------------------------++-------
Melee: War axe           ||    71
Armor: Scale mail        ||    37
Dodge: Dodged            ||    45
Block: Buckler           ||     2
